 Dungeon Crawl Stone Soup version 0.29.0-13-gc9e81de378 (webtiles) character file.

Game seed: 17262729767236510683

9 SnakkuSnakku7 the Grasshopper (level 2, -3/26 HPs)
             Began as a Naga Warper on Sept 9, 2022.
             Slain by a quokka (5 damage)
             ... on level 1 of the Dungeon.
             The game lasted 00:00:24 (384 turns).

SnakkuSnakku7 the Grasshopper (Naga Warper)          Turns: 384, Time: 00:00:24

Health: -3/26      AC:  2    Str: 13    XL:     2   Next: 16%
Magic:  5/5        EV:  9    Int: 13    God:
Gold:   66         SH:  0    Dex: 10    Spells: 5/5 levels left

rFire   . . .      SeeInvis +   a - +0 hand axe
rCold   . . .      Faith    .   (no shield)
rNeg    . . .      Spirit   .   b - +0 leather armour
rPois   +          Reflect  .   (no helmet)
rElec   .          Harm     .   (no cloak)
rCorr   .          Rampage  .   (no gloves)
Will    .....                   (no barding)
Stlth   +.........              (no amulet)
HPRegen 0.08/turn               (no ring)
MPRegen 0.09/turn               (no ring)

@: very slow
A: AC +0, large, see invisible, deformed body, poison resistance, slowness 2,
spit poison 1, naga tail 1
a: Spit Poison


You were on level 1 of the Dungeon.
You visited 1 branch of the dungeon, and saw 1 of its levels.

You collected 66 gold pieces.

Inventory:

Hand Weapons
 a - a +0 hand axe (weapon)
Missiles
 d - 7 boomerangs of dispersal (quivered)
Armour
 b - a +0 leather armour (worn)
Scrolls
 c - a scroll of blinking


   Skills:
 - Level 2.0 Fighting
 + Level 2.8 Axes
 - Level 0.8 Throwing
 - Level 0.7 Armour
 - Level 1.5 Dodging
 - Level 2.0 Spellcasting
 - Level 3.0 Translocations


You had 5 spell levels left.
You didn't know any spells.
Your spell library contained the following spells:

 Spells                   Type           Power      Damage    Failure   Level
 Blink                    Tloc           18%        N/A       14%         2
 Gell's Gravitas          Tloc           9%         N/A       28%         3
 Lesser Beckoning         Tloc           9%         N/A       28%         3
 Teleport Other           Tloc           9%         N/A       28%         3
 Manifold Assault         Tloc           9%         N/A       95%         5


Dungeon Overview and Level Annotations

Branches:
Dungeon (1/15)

Altars:


Innate Abilities, Weirdness & Mutations

Your serpentine skin is tough. (AC +0)
You have supernaturally acute eyesight. (SInv)
Armour fits poorly on your strangely shaped body.
Your system is resistant to poisons. (rPois)
You cover ground very slowly.
You can spit poison.
You have a snake-like lower body.


Message History

The quokka bites you but does no damage.
The endoplasm hits you but does no damage.
The quokka closely misses you.
You hit the endoplasm but do no damage. You hit the quokka but do no damage.
The quokka barely misses you. The endoplasm hits you.
You barely miss the endoplasm. You closely miss the quokka.
The quokka bites you but does no damage.
The quokka bites you. The endoplasm barely misses you.
You hit the endoplasm but do no damage. You hit the quokka.
The quokka bites you. The endoplasm barely misses you.
You barely miss the quokka.
The quokka is heavily wounded.
You hit the endoplasm. The quokka barely misses you. The endoplasm freezes you.
You are frozen.
The quokka closely misses you.
You are too injured to fight recklessly!
You are too injured to fight recklessly!
You are too injured to fight recklessly!
You closely miss the quokka.
The quokka is heavily wounded.
You barely miss the endoplasm. The endoplasm barely misses you.
The quokka closely misses you.
You barely miss the quokka.
The quokka is heavily wounded.
You hit the endoplasm.
The quokka bites you but does no damage.
The endoplasm barely misses you.
Unknown command.
You barely miss the endoplasm.
The endoplasm is almost dead.
You closely miss the quokka. The quokka bites you. The endoplasm hits you.
The quokka bites you.
* * * LOW HITPOINT WARNING * * *
The endoplasm freezes you.
You are frozen.
* * * LOW HITPOINT WARNING * * *
You hit the endoplasm.
You kill the endoplasm!
You closely miss the quokka. The quokka bites you.
You die...

############
.......##..#
.......†...#####
.......###.....#
....)..#
#.###.###
.......#
#..##...#
....)..#
##.####@#
)......# #.#
#.r......
.......# #.#
#........
.......# #.#
#$.......
....(.## #.#
#........
#####..# #.#
#........ ....
... #.....>..
... ######### ..


You could see a quokka.

Vanquished Creatures
  An endoplasm (D:1)
  3 hobgoblins (D:1)
  A ball python (D:1)
  A bat (D:1)
  3 goblins (D:1)
  A rat (D:1)
10 creatures vanquished.

Notes
Turn   | Place    | Note
-------+----------+-------------------------------------------
     0 | D:1      | SnakkuSnakku7 the Naga Warper began the quest for the Orb.
     0 | D:1      | Reached XP level 1. HP: 19/19 MP: 3/3
   172 | D:1      | Reached XP level 2. HP: 12/26 MP: 5/5
   384 | D:1      | Slain by a quokka

Illustrated notes

Levels and vault maps discovered:
D:1:      mushboom_english_gardens, layout_rooms,
          dreamdust_ecumenical_altar_grove, kennysheep_small_spiral,
          grunt_decor_fettered, minmay_misc_feat_hallway, minmay_tetromino_l4

Action                   || total
-------------------------++-------
Melee: Hand axe          ||    29
Armor: Leather armour    ||     9
Dodge: Dodged            ||    24
